 Dungeon Crawl Stone Soup version 0.30.0-11-gf55b779eaf (webtiles) character file.

Game seed: 10916174964823802136

86905 suzumiya the Severer (level 15, -3/139 HPs)
             Began as a Minotaur Fighter on May 17, 2023.
             Was the Champion of Qazlal.
             Slain by a steelbarb worm simulacrum (10 damage)
             ... on level 1 of the Spider Nest.
             The game lasted 01:48:11 (25537 turns).

suzumiya the Severer (Minotaur Fighter)            Turns: 25537, Time: 01:48:12

Health: -3/139     AC: 24    Str: 34    XL:     15   Next: 42%
Magic:  14/14      EV: 11    Int:  5    God:    Qazlal [******]
Gold:   1590       SH: 21    Dex: 16    Spells: 14/14 levels left

rFire   + . .        a - +3 war axe (elec)
rCold   . . .        K - +0 kite shield
rNeg    . . .        n - +0 plate armour
rPois   .            (helmet restricted)
rElec   .            d - +0 cloak
rCorr   .            (no gloves)
SInv    .            t - +0 pair of boots
Will    +....        (no amulet) Stlth
                     V - ring of Miaps {rF+ Dex+6 Slay+4}
HPRegen 0.43/turn    E - +6 ring of strength
MPRegen 0.14/turn

%: repel missiles
@: lethally poisoned (-3 -> -5), protected from physical damage, studying Fire
Magic
A: horns 2, retaliatory headbutt
a: Renounce Religion, Upheaval, Elemental Force, Disaster Area


You were on level 1 of the Spider Nest.
You worshipped Qazlal.
Qazlal was exalted by your worship.
You visited 5 branches of the dungeon, and saw 23 of its levels.
You also visited: Sewer and Gauntlet.

You collected 2222 gold pieces.
You spent 632 gold pieces at shops.

Inventory:

Hand Weapons
 a - a +3 war axe of electrocution (weapon)
 c - a +1 battleaxe of freezing
 m - the +8 rapier of Desperation {speed, Int+4}
   (You took it off a minotaur in a Gauntlet)

   Int:       It affects your intelligence (+4).
 J - a +2 whip of freezing
Missiles
 j - 10 curare-tipped darts
 k - 59 poisoned darts
 y - 4 throwing nets
 z - 13 javelins
Armour
 d - a +0 cloak (worn)
 f - the +4 scale mail of Wuxex {rN++}
   (You found it on level 1 of the Spider Nest)

   rN:        It greatly protects you from negative energy.
 n - a +0 plate armour (worn)
 t - a +0 pair of boots (worn)
 K - a +0 kite shield (worn)
 O - the +0 helmet "Utystrole" {Harm Int+2}
   (You found it in a Gauntlet)

   Int:       It affects your intelligence (+2).
   Harm:      It increases damage dealt and taken.
 Y - a +2 chain mail of cold resistance
Jewellery
 x - a ring of poison resistance
 E - a +6 ring of strength (right hand)
 Q - a ring of ice
 V - the ring of Miaps (left hand) {rF+ Dex+6 Slay+4}
   (You found it in a Gauntlet)

   [ring of dexterity]

   Dex:       It affects your dexterity (+6).
   Slay:      It affects your accuracy & damage with ranged weapons and melee
   (+4).
   rF:        It protects you from fire.
 W - a +6 ring of dexterity
Wands
 g - a wand of charming (5)
 q - a wand of acid (2) (quivered)
 D - a wand of polymorph (9)
 F - a wand of flame (38)
 H - a wand of digging (10)
Scrolls
 e - 4 scrolls of immolation
 u - 5 scrolls of fear
 w - 2 scrolls of acquirement
 B - a scroll of magic mapping
 C - 5 scrolls of teleportation
 G - 3 scrolls of poison
 I - 2 scrolls of enchant armour
 L - a scroll of torment
 M - 2 scrolls of blinking
 N - 2 scrolls of silence
 P - 2 scrolls of fog
 S - 4 scrolls of butterflies
Potions
 b - a potion of haste
 h - 2 potions of invisibility
 i - 2 potions of flight
 l - a potion of cancellation
 o - 5 potions of curing
 p - 2 potions of brilliance
 s - 5 potions of magic
 v - a potion of mutation
 A - a potion of berserk rage
 R - a potion of heal wounds
 T - 2 potions of ambrosia
 Z - a potion of resistance
Miscellaneous
 r - a lightning rod (4/4)
 U - a phantom mirror
 X - a condenser vane


   Skills:
 + Level 14.7 Fighting
 * Level 19.8 Axes
 + Level 16.8 Armour
 * Level 5.3 Dodging
 + Level 14.5 Shields
 - Level 0.3 Invocations
 + Level 0.5 Evocations


You had 14 spell levels left.
You didn't know any spells.
Your spell library contained the following spells:

 Spells                   Type           Power      Damage    Failure   Level
 Apportation              Tloc           0%         N/A       96%         1
 Beastly Appendage        Tmut           0%         N/A       96%         1
 Necrotise                Necr           0%         1d4       96%         1
 Sandblast                Erth           0%         2d4       96%         1
 Summon Small Mammal      Summ           0%         N/A       96%         1
 Passwall                 Tmut/Erth      0%         N/A       99%         2
 Wereblood                Tmut           0%         N/A       99%         2
 Dazzling Flash           Conj/Hex       0%         N/A       100%        3
 Spider Form              Tmut/Pois      0%         N/A       100%        3
 Stone Arrow              Conj/Erth      0%         3d7       100%        3
 Volatile Blastmotes      Fire/Tloc      0%         2d10      100%        3
 Fulminant Prism          Conj/Hex       0%         3d5       100%        4
 Iskenderun's Mystic Bla  Conj/Tloc      0%         2d3       100%        4
 Agony                    Necr           0%         N/A       100%        5
 Lee's Rapid Deconstruct  Erth           0%         3d4*      100%        5
 Silence                  Hex/Air        0%         N/A       100%        5


Dungeon Overview and Level Annotations

Branches:
Dungeon (13/15)            Temple (1/1) D:7            Lair (5/5) D:9
 Shoals (0/4) Lair:2       Spider (2/4) Lair:2        Slime (0/5) Lair:4
    Orc (2/2) D:11            Elf (0/3) Orc:2         Sewer (visited)
Gauntlet (visited)
 Vaults: D:13-14

Altars:
Ashenzari
Cheibriados
Dithmenos
Elyvilon
Fedhas
Gozag
Hepliaklqana
Kikubaaqudgha
Makhleb
Nemelex Xobeh
Okawaru
Qazlal
Ru
Sif Muna
Trog
Uskayaw
Vehumet
Wu Jian
Xom
Yredelemnul
Zin
The Shining One

Shops:
D:4 !   Orc:2 ?[([

Portals:
Hell: Lair:5

Annotations:
D:7 exclusion: statue
Lair:1 exclusion: 3 oklob plants
Lair:5 exclusion: oklob plant


Innate Abilities, Weirdness & Mutations

You have a pair of horns on your head.
You reflexively headbutt those who attack you in melee.


Message History

The steelbarb worm is almost dead.
You slash the culicivora simulacrum!
You feel sick. The culicivora simulacrum bites you.
* * * LOW HITPOINT WARNING * * *
The culicivora simulacrum freezes you!
* * * LOW HITPOINT WARNING * * *
You block the steelbarb worm's attack.
You slash the steelbarb worm!
You kill the steelbarb worm!
Qazlal accepts your kill.
You closely miss the culicivora simulacrum.
A freezing mist starts to gather...
A steelbarb worm simulacrum comes into view.
You feel sick.
The culicivora simulacrum bites you but does no damage.
You slice the culicivora simulacrum!!
Lightning courses through the culicivora simulacrum!
The culicivora simulacrum vaporises!
You slash the wolf spider simulacrum!
You feel sick.
The wolf spider simulacrum hits you but does no damage.
You block the wolf spider simulacrum's attack.
You slice the wolf spider simulacrum!!
The wolf spider simulacrum is almost destroyed.
You slash the steelbarb worm simulacrum!
You feel sick.
You block the wolf spider simulacrum's attack. x2
You block the steelbarb worm simulacrum's attack.
You slice the wolf spider simulacrum!!
The wolf spider simulacrum vaporises!
You slash the steelbarb worm simulacrum!
You feel sick.
You slice the steelbarb worm simulacrum!!
Lightning courses through the steelbarb worm simulacrum!
The steelbarb worm simulacrum vaporises!
You hit the steelbarb worm simulacrum but do no damage.
You carefully extract the barbed spikes from your body.
You feel sick. The steelbarb worm simulacrum hits you!
* * * LOW HITPOINT WARNING * * *
The steelbarb worm simulacrum freezes you!
You die...

#...............##...###.....
#####...^.#....#....#..#...#..#..
.........##....######..##..#####.
###...####..#####.......#......##
#.### ####...##...#..#......#.
### #.........#..##.......
###..○..#.#...##.#....
#...☼Z○§###....###....
####..#@.§..##...#....#.
##.....#☼.#...##..#....#.
###....#.##^#....####....##
#......######.......##..##.
##......# #####......####..
##.†#### #.......#..# ##. ##<...#
##.^..#.#### #.. #††#..#
#...#.### ##. ####### ##..### ##


You could see a steelbarb worm simulacrum.

Vanquished Creatures
  Saint Roka (Orc:2)
  Nessos (Orc:2)
  2 minotaurs
  Snorg (D:11)
  An entropy weaver (Spider:1)
  Josephine (Orc:2)
  Harold (D:10)
  Fannar (Lair:3)
  A ghost crab (Gauntlet)
  5 hydras
  17 two-headed ogres
  4 ogre magi (Orc:2)
  3 death yaks (Lair:4)
  3 boulder beetles
  A sixfirhy (Lair:5)
  3 skeletal warriors (D:13)
  4 pharaoh ants
  An orb spider (Spider:1)
  3 wizards
  4 steelbarb worms (Spider:1)
  A necromancer (Gauntlet)
  2 lindwurms
  An orc knight (Orc:1)
  9 wolf spiders
  2 ugly things
  A manticore (Lair:2)
  3 moths of wrath (Spider:1)
  A guardian serpent (D:13)
  8 elephants
  2 demonic crawlers (Spider:1)
  2 black mambas
  A gargoyle (D:10)
  A torpor snail (Lair:5)
  3 orange demons (Lair:5)
  A smoke demon (Lair:5)
  11 cane toads
  An unseen horror (D:11)
  6 rime drakes
  8 komodo dragons
  A red devil (Lair:5)
  An ice devil (Lair:5)
  6 polar bears
  6 trolls
  10 tarantellas
  A wind drake (Lair:2)
  Prince Ribbit (D:5)
  A hornet (D:9)
  16 blink frogs
  3 jumping spiders (Spider:1)
  4 slime creatures (D:12)
  9 culicivoras (Spider:1)
  2 shadows (D:11)
  26 yaks
  4 wyverns
  7 wraiths
  Eustachio (D:6)
  3 steam dragons
  4 basilisks
  4 vampire mosquitoes (D:13)
  Menkaure (D:7)
  19 redbacks
  6 wargs
  5 acid dragons
  13 water moccasins
  4 hell hounds (Lair:5)
  A floating eye (Lair:1)
  An ice beast (D:8)
  A black bear (D:8)
  16 orc warriors
  2 sky beasts (D:7)
  3 centaurs
  26 ogres
  4 wolves (Gauntlet)
  4 phantoms
  2 kobold brigands (D:9)
  7 bullfrogs
  A gnoll sergeant (D:9)
  9 scorpions
  5 killer bees (D:8)
  A troll zombie (D:11)
  4 howler monkeys
  15 orc priests
  6 hounds
  3 iguanas
  5 jellies
  9 orc wizards
  5 ogre zombies (D:11)
  11 gnolls
  10 adders
  A river rat (Sewer)
  3 shadow imps
  4 white imps
  An ufetubus (D:6)
  2 worms
  5 dart slugs
  44 orcs
  18 ball pythons
  4 bats
  A bat zombie (D:10)
  12 endoplasms
  19 giant cockroaches
  11 goblins
  7 hobgoblins
  7 jackals
  3 quokkas
  2 frilled lizards
  2 goblin skeletons (D:11)
  2 goblin zombies (D:11)
  2 hobgoblin skeletons (D:11)
  3 hobgoblin zombies (D:11)
  14 kobolds
  3 orc skeletons (D:11)
  7 orc zombies (D:11)
  5 rats
  A rat zombie (D:10)
  A butterfly (Lair:3)
615 creatures vanquished.

Vanquished Creatures (others)
  An orc priest (Orc:2)
  An orc (Orc:2)
2 creatures vanquished.

Grand Total: 617 creatures vanquished

Notes
Turn   | Place    | Note
-------+----------+-------------------------------------------
     0 | D:1      | suzumiya the Minotaur Fighter began the quest for the Orb.
     0 | D:1      | Reached XP level 1. HP: 19/19 MP: 0/0
   170 | D:1      | Reached XP level 2. HP: 23/27 MP: 1/1
   340 | D:1      | Reached XP level 3. HP: 32/33 MP: 2/2
   461 | D:1      | Reached skill level 3 in Axes
   826 | D:2      | Found a faded altar of an unknown god.
  1324 | D:3      | Reached XP level 4. HP: 40/40 MP: 3/3
  1456 | D:3      | Found a glowing drain.
  1474 | Sewer    | Entered a sewer
  1498 | Sewer    | Reached skill level 4 in Axes
  1588 | Sewer    | Reached XP level 5. HP: 39/46 MP: 4/4
  1605 | Sewer    | Found a viscous altar of Jiyva.
  1611 | Sewer    | Reached skill level 5 in Axes
  1612 | Sewer    | Reached skill level 5 in Armour
  1651 | Sewer    | Reached XP level 6. HP: 39/53 MP: 5/5
  1850 | D:3      | Found an iron altar of Okawaru.
  2097 | D:4      | Found Wouphuk's Distillery.
  2107 | D:4      | Found a sacrificial altar of Ru.
  2147 | D:4      | Bought a potion of heal wounds for 70 gold pieces
  2147 | D:4      | Bought a potion of curing for 42 gold pieces
  2203 | D:4      | Found an ornate altar of the Wu Jian Council.
  2309 | D:4      | Reached skill level 6 in Axes
  2328 | D:4      | Found a broken altar of Ashenzari.
  2768 | D:5      | Entered Level 5 of the Dungeon
  2825 | D:5      | Reached skill level 7 in Axes
  2825 | D:5      | Reached XP level 7. HP: 55/60 MP: 6/6
  3153 | D:5      | Reached skill level 5 in Fighting
  3153 | D:5      | Reached skill level 8 in Axes
  3449 | D:5      | Noticed Prince Ribbit
  3463 | D:5      | Killed Prince Ribbit
  3698 | D:6      | Reached XP level 8. HP: 68/68 MP: 7/7
  3724 | D:6      | Reached skill level 9 in Axes
  3815 | D:6      | Found a sparkling altar of Nemelex Xobeh.
  3849 | D:6      | Noticed Eustachio
  3891 | D:6      | Killed Eustachio
  4111 | D:6      | Reached skill level 5 in Shields
  4602 | D:6      | Noticed a +0 dagger
  4602 | D:6      | Noticed a +0 short sword
  4602 | D:6      | Noticed a +0 spear
  4602 | D:6      | Noticed a +0 spear
  4604 | D:6      | Noticed a +0 falchion
  4604 | D:6      | Noticed a +0 dagger
  4604 | D:6      | Noticed a +0 short sword
  4604 | D:6      | Noticed a +0 falchion
  4611 | D:6      | Found a hide-covered altar of Uskayaw.
  4712 | D:6      | Reached skill level 10 in Axes
  4902 | D:7      | Found a shadowy altar of Dithmenos.
  4919 | D:7      | Found a staircase to the Ecumenical Temple.
  4960 | Temple   | Entered the Ecumenical Temple
  5039 | Temple   | Became a worshipper of Qazlal Stormbringer
  5505 | D:7      | Reached skill level 11 in Axes
  5505 | D:7      | Reached XP level 9. HP: 75/75 MP: 8/8
  5582 | D:7      | Noticed Menkaure
  5587 | D:7      | Killed Menkaure
  5590 | D:7      | Found a radiant altar of Vehumet.
  5800 | D:8      | Noticed a boulder beetle
  5824 | D:8      | Killed a boulder beetle
  5825 | D:8      | Reached skill level 12 in Axes
  6653 | D:8      | Reached skill level 13 in Axes
  6870 | D:8      | Reached * piety under Qazlal
  7256 | D:9      | Reached XP level 10. HP: 65/84 MP: 9/9
  7422 | D:9      | Found a staircase to the Lair.
  7597 | D:9      | Found a shimmering blue altar of Sif Muna.
  8080 | D:9      | Reached skill level 10 in Armour
  8081 | D:9      | Reached ** piety under Qazlal
  8419 | D:10     | Entered Level 10 of the Dungeon
  8425 | D:10     | Noticed Harold
  8442 | D:10     | Killed Harold
  8443 | D:10     | Reached skill level 14 in Axes
  8714 | D:10     | Noticed a gargoyle
  8727 | D:10     | Killed a gargoyle
  9228 | D:10     | Reached skill level 15 in Axes
  9419 | D:10     | Found an ancient bone altar of Kikubaaqudgha.
  9443 | D:10     | Found a shimmering altar of Xom.
  9510 | Lair:1   | Entered Level 1 of the Lair of Beasts
  9545 | Lair:1   | Reached XP level 11. HP: 59/94 MP: 10/10
 10300 | Lair:1   | Reached *** piety under Qazlal
 10487 | Lair:1   | Noticed an oklob plant
 10505 | Lair:1   | Noticed an oklob plant
 10901 | Lair:1   | Found a runed translucent door.
 10978 | Lair:1   | Noticed an oklob plant
 11182 | Lair:1   | Noticed a minotaur
 11201 | Lair:1   | Killed a minotaur
 11202 | Lair:1   | Reached skill level 16 in Axes
 11902 | Lair:2   | Reached skill level 10 in Fighting
 12024 | Lair:2   | HP: 2/99 [komodo dragon (22)]
 12333 | Lair:2   | Reached XP level 12. HP: 98/106 MP: 11/11
 12425 | Lair:2   | Found a hole to the Spider Nest.
 12564 | Lair:2   | Found a staircase to the Shoals.
 13270 | Lair:3   | Noticed Fannar
 13308 | Lair:3   | Killed Fannar
 13902 | Lair:4   | Noticed a five-headed hydra
 13917 | Lair:3   | Killed a six-headed hydra
 14096 | Lair:4   | Found a staircase to the Slime Pits.
 14439 | Lair:4   | Noticed a death yak
 14443 | Lair:4   | Noticed a death yak
 14446 | Lair:4   | Noticed a six-headed hydra
 14447 | Lair:4   | Noticed a death yak
 14448 | Lair:4   | Reached skill level 17 in Axes
 14486 | Lair:4   | Killed a death yak
 14500 | Lair:4   | Killed a death yak
 14645 | Lair:4   | Killed a death yak
 14645 | Lair:4   | Reached **** piety under Qazlal
 15126 | Lair:5   | Entered Level 5 of the Lair of Beasts
 15186 | Lair:5   | Found a shadowy altar of Dithmenos.
 15214 | Lair:4   | Reached skill level 10 in Shields
 15252 | Lair:5   | Noticed an eight-headed hydra
 15264 | Lair:5   | Killed an eight-headed hydra
 15505 | Lair:5   | Reached XP level 13. HP: 57/116 MP: 12/12
 16953 | Lair:5   | Reached skill level 15 in Armour
 17060 | Lair:5   | Found a burning altar of Makhleb.
 17386 | Lair:5   | Found a gateway to Hell.
 17738 | D:11     | Found a staircase to the Orcish Mines.
 17937 | D:11     | Reached ***** piety under Qazlal
 17944 | D:11     | Noticed Snorg
 17958 | D:11     | Killed Snorg
 18842 | D:12     | Reached skill level 18 in Axes
 20379 | D:13     | Found a gate leading to a gauntlet.
 20393 | Gauntlet | Entered a Gauntlet
 20393 | Gauntlet | Found a large runed translucent door.
 20393 | Gauntlet | Found a large runed translucent door.
 20393 | Gauntlet | Found a large runed translucent door.
 20393 | Gauntlet | Found a large runed translucent door.
 20393 | Gauntlet | Found a large runed translucent door.
 20393 | Gauntlet | Found a large runed translucent door.
 20393 | Gauntlet | Found a large runed translucent door.
 20393 | Gauntlet | Found a large runed translucent door.
 20393 | Gauntlet | Found a runed translucent door.
 20393 | Gauntlet | Found a runed translucent gate.
 20393 | Gauntlet | Found a transporter.
 20393 | Gauntlet | Found a transporter.
 20393 | Gauntlet | Found a runed translucent gate.
 20393 | Gauntlet | Found a transporter.
 20394 | Gauntlet | Found a runed translucent door.
 20394 | Gauntlet | Found a runed translucent gate.
 20414 | Gauntlet | Found a transporter.
 20416 | Gauntlet | Found a transporter.
 20424 | Gauntlet | Found a transporter.
 20428 | Gauntlet | Found a transporter.
 20434 | Gauntlet | Noticed a quicksilver ooze
 20440 | Gauntlet | Found a transporter.
 20460 | Gauntlet | Found a transporter.
 20477 | Gauntlet | Found a transporter.
 20481 | Gauntlet | Found a transporter.
 20491 | Gauntlet | Found a transporter.
 20498 | Gauntlet | Found a large runed translucent door.
 20498 | Gauntlet | Found a large runed translucent door.
 20499 | Gauntlet | Found a large runed translucent door.
 20500 | Gauntlet | Found a large runed translucent door.
 20501 | Gauntlet | Found a large runed translucent door.
 20501 | Gauntlet | Found a large runed translucent door.
 20502 | Gauntlet | Found a large runed translucent door.
 20503 | Gauntlet | Found a large runed translucent door.
 20764 | Gauntlet | Reached XP level 14. HP: 96/124 MP: 13/13
 20877 | Gauntlet | Identified the +0 helmet "Utystrole" {Harm Int+2}
 20922 | Gauntlet | Identified the ring of Miaps {rF+ Dex+6 Slay+4}
 20944 | Gauntlet | Identified the +8 rapier of Desperation {speed, Int+4}
 22007 | Orc:1    | Entered Level 1 of the Orcish Mines
 22516 | Orc:2    | Entered Level 2 of the Orcish Mines
 22727 | Orc:2    | Reached skill level 1 in Dodging
 22730 | Orc:2    | Paralysed by an ogre mage for 2 turns
 22987 | Orc:2    | Paralysed by an ogre mage for 5 turns
 23218 | Orc:2    | Reached skill level 19 in Axes
 23246 | Orc:2    | Noticed Nessos
 23257 | Orc:2    | Killed Nessos
 23383 | Orc:2    | Noticed Saint Roka
 23676 | Orc:2    | Killed Saint Roka
 24074 | Orc:2    | Noticed Josephine
 24085 | Orc:2    | Killed Josephine
 24290 | Orc:2    | Found a staircase to the Elven Halls.
 24323 | Orc:2    | Found Vuchir's Weapon Emporium.
 24323 | Orc:2    | Found Atox's Antique Armour Shop.
 24324 | Orc:2    | Found Tonluloh's Magic Scroll Boutique.
 24324 | Orc:2    | Found Jeibeete's Antique Armour Emporium.
 24333 | Orc:2    | Bought a scroll of identify for 32 gold pieces
 24333 | Orc:2    | Bought a scroll of identify for 32 gold pieces
 24333 | Orc:2    | Bought a scroll of identify for 32 gold pieces
 24333 | Orc:2    | Bought a scroll of identify for 32 gold pieces
 24333 | Orc:2    | Bought a scroll of enchant armour for 120 gold pieces
 24333 | Orc:2    | Bought a scroll of identify for 32 gold pieces
 24339 | Orc:2    | Identified 2 scrolls of acquirement
 24349 | Orc:2    | Bought a glowing scarf for 240 gold pieces
 24582 | Spider:1 | Entered Level 1 of the Spider Nest
 24627 | Spider:1 | Reached XP level 15. HP: 119/138 MP: 14/14
 25245 | Spider:1 | Identified the +4 scale mail of Wuxex {rN++}
 25520 | Spider:2 | Reached skill level 5 in Dodging
 25523 | Spider:2 | Reached ****** piety under Qazlal
 25537 | Spider:1 | Slain by a steelbarb worm simulacrum

Illustrated notes

Levels and vault maps discovered:
D:1:      shiori_arrival_maze, layout_loops_ring
D:2:      minmay_roachtagon, layout_basic,
          shapermc_ecumenical_altar_mp_ritualfount
D:3:      layout_rooms, mainiacjoe_overflow_brackets, portal_sewer_entry_f,
          serial_curves, eino_curves_01, eino_curves_04
D:4:      layout_basic, cheibrodos_ashenzari_chains,
          nicolae_wu_jian_wuxing_cycle, nicolae_ru_sacrificial_ziggurat,
          serial_shops, shop, minmay_manual_mail
D:5:      layout_loops_cross, uniq_prince_ribbit1
D:6:      layout_basic, nicolae_uskayaw_en_pointe,
          nicolae_overflow_hidden_temple, kennysheep_generic_room_3,
          uniq_eustachio
D:7:      layout_gridville, nicolae_dithmenos_through_a_glass_darkly,
          vehumet_statue, minmay_temple_entry_sparse_star, minivault_11,
          uniq_menkaure
D:8:      cheibrodos_quashed, layout_basic, enter_ossuary_1,
          nicolae_underground_beach
D:9:      layout_layer_cave, nicolae_sif_muna_condensation,
          erik_lair_orcish_takeover, minmay_strange_pillars
D:10:     layout_small_grid, mainiacjoe_overflow_alcove_4,
          lemuel_zombie_altar_kikubaaqudgha, uniq_harold
D:11:     layout_stronghold, zombieorc1_lemuel, uniq_snorg
D:12:     layout_irregular_city
D:13:     layout_basic, gauntlet_entry_generic, serial_curves, eino_curves_01,
          eino_curves_03, eino_curves_03, eino_curves_01,
          nrook_guardian_serpent_double
Temple:   minmay_temple_curvy_loop
Lair:1:   dreamdust_labyrinth, layout_regular_city, disabler_island,
          grunt_megastairs_4
Lair:2:   layout_chaotic_city, minmay_shoals_entry_beasts,
          nicolae_spider_entry_non_spiders
Lair:3:   layout_misc_corridors, minmay_holes, lemuel_fruit_fields,
          infiniplex_staircase_pool_2, uniq_fannar
Lair:4:   layout_regular_city, slime_entry_1, serial_forest,
          infiniplex_forest_lined_room_3, infiniplex_forest_lined_3,
          infiniplex_forest_clump_double, infiniplex_forest_corner_1,
          infiniplex_forest_diagonal, infiniplex_forest_straight_2,
          infiniplex_forest_corner_1, infiniplex_forest_straight_3,
          infiniplex_forest_corner_2
Lair:5:   evil_forest, layout_long_grid, basic_altar,
          nicolae_quartered_pool_medium
Spider:1: layout_spider_delve, nicolae_spider_eight_legs
Spider:2: layout_spider_delve, nicolae_orb_island
Orc:1:    layout_diamond_mine
Orc:2:    st_orc_ogre_mass, layout_diamond_mine, basic_altar, uniq_nessos,
          uniq_saint_roka, uniq_josephine

Skill      XL: |  1  2  3  4  5  6  7  8  9 10 11 12 13 14 15 |
---------------+----------------------------------------------+-----
Armour         | 4 5 6 7 9 10 11 14 15 16 | 16.8
Shields        | 4 5 6 8 10 12 13 14 | 14.5
Fighting       | 4 5 6 8 10 11 12 14 | 14.7
Axes           | 3 4 5 7 8 11 13 15 16 17 18 19 | 19.8
Dodging        | 3 5 |  5.3
Invocations    | |  0.3
Evocations     | |  0.5

Action                     |  1- 3 |  4- 6 |  7- 9 | 10-12 | 13-15 || total
---------------------------+-------+-------+-------+-------+-------++-------
  Melee: War axe           |    86 |   141 |   253 |   442 |   608 ||  1530
         Headbutt          |    12 |    20 |    35 |   157 |   204 ||   428
         Whip              |       |       |       |   174 |   201 ||   375
  Throw: Dart              |       |       |       |     2 |       ||     2
 Invoke: Upheaval          |       |       |       |       |     8 ||     8
  Evoke: Wand              |       |       |       |       |     6 ||     6
    Use: Potion            |       |       |     8 |     5 |     6 ||    19
         Scroll            |       |       |       |    17 |    16 ||    33
 Armour: Scale mail        |    48 |    79 |   104 |     4 |       ||   235
         Acid dragon scale |       |       |       |    58 |       ||    58
         Plate armour      |       |       |       |    85 |   309 ||   394
  Dodge: Dodged            |    48 |    68 |    96 |   130 |   152 ||   494
         Repelled          |       |       |       |       |     3 ||     3
  Block: Buckler           |    20 |    36 |    58 |    14 |       ||   128
         Kite shield       |       |       |       |   279 |   590 ||   869
